 Dungeon Crawl Stone Soup version 0.17.0-22-g5edae84 (console) character file.

137 gw the Covered (level 5, -1/49 HPs)
             Began as a Deep Dwarf Fighter on Nov 12, 2015.
             Slain by an orc warrior
             ... wielding a +0 battleaxe
              (26 damage)
             ... on level 3 of the Dungeon.
             The game lasted 00:02:19 (2097 turns).

gw the Covered (Deep Dwarf Fighter)                 Turns: 2097, Time: 00:02:20

Health: -1/49      AC: 10    Str: 19    XL:     5   Next: 0%
Magic:  5/5        EV:  5    Int:  9    God:
Gold:   41         SH:  9    Dex: 13    Spells: 0 memorised, 4 levels left

rFire  . . .     SeeInvis .     a - +0 flail
rCold  . . .     Clarity  .     i - +0 chain mail
rNeg   . . .     SustAt   .     c - +0 shield
rPois  .         Gourm    .     h - +0 helmet
rElec  .         Spirit   .     (no cloak)
rCorr  .         Warding  .     (no gloves)
rMut   .         Stasis   .     (no boots)
MR     .....                    (no amulet)
Stlth  ..........               (no ring)
                                (no ring)

@: non-regenerating, not resistant to hostile enchantments, extremely unstealthy
A: damage resistance, recharge devices, sense surroundings 1, slow regeneration
3
a: Device Recharging


You were on level 3 of the Dungeon.
You were not hungry.

You visited 1 branch of the dungeon, and saw 3 of its levels.

You collected 41 gold pieces.

Inventory:

Hand Weapons
 a - a +0 flail (weapon)
Missiles
 g - 35 stones (quivered)
Armour
 c - a +0 shield (worn)
 h - a +0 helmet (worn)
 i - a +0 chain mail (worn)
Wands
 e - a wand of heal wounds (0)
Comestibles
 f - a bread ration


   Skills:
 + Level 3.2 Fighting
 * Level 3.5 Maces & Flails
 + Level 1.1 Throwing
 + Level 4.1 Armour
 + Level 3.7 Shields


You had 4 spell levels left.
You didn't know any spells.

Dungeon Overview and Level Annotations

Branches:
Dungeon (3/15)

Altars:
Kikubaaqudgha
Yredelemnul


Innate Abilities, Weirdness & Mutations

You are resistant to damage.
You can recharge devices by infusing magical energy.
You passively map a small area around you.
You do not regenerate naturally.


Message History

Unknown command.
Unknown command.
Unknown command.
Unknown command.
FLEEEEING!
ATTACKING (1,0)
You hit the orc warrior but do no damage.
The orc warrior is moderately wounded.
You block the orc warrior's attack.
Unknown command.
Unknown command.
Unknown command.
Unknown command.
FLEEEEING!
ATTACKING (1,0)
You closely miss the orc warrior.
The orc warrior is moderately wounded.
The orc warrior hits you with a battleaxe!!
Ouch! That really hurt!
You die...

, ......##........
###...........#... ,
, ...........###... *
* * #....###.##.....
* #....#....#.#... *
#....#.#..#.#...
#....'.#....#...
*#####....####.#.....
,
,#..goo............#.
,##.##o###.###.###.#.
#. #.# #.###.#..... *
#.##.###)<...#<.... ,
#.......)))#....#..
####...##).........
........%%..#.....
#####.......#.####
##...#%.....#


You could see an orc warrior and 2 orcs.

Table legend:
 A = Turns spent in this place as a percentage of turns spent in the entire game.
 B = Non-inter-level travel turns spent in this place as a percentage of non-inter-level travel turns spent in the entire game.
 C = Inter-level travel turns spent in this place as a percentage of turns spent in this place.
 D = Turns resting spent in this place as a percentage of non-inter-level travel turns spent in this place.
 E = Turns spent auto-exploring this place as a percentage of non-inter-level travel turns spent in this place.
 F = Non-inter-level travel turns spent in this place divided by the number of levels of this place that you've seen.
                   A       B       C       D       E      F
               +-------+-------+-------+-------+-------+----------------------
         Total | 100.0 | 100.0 |   0.6 |   0.0 |   2.1 | 1121.0
       Dungeon | 100.0 | 100.0 |   0.6 |   0.0 |   2.1 | 1121.0
               +-------+-------+-------+-------+-------+----------------------

Table legend:
 A = Kills in this place as a percentage of kills in entire the game.
 B = Kills by you in this place as a percentage of kills by you in the entire game.
 C = Kills by friends in this place as a percentage of kills by friends in the entire game.
 D = Other kills in this place as a percentage of other kills in the entire game.
 E = Experience gained in this place as a percentage of experience gained in the entire game.
 F = Experience gained in this place divided by the number of levels of this place that you have seen.
                   A       B       C       D       E      F
               +-------+-------+-------+-------+-------+----------------------
         Total | 100.0 | 100.0 |  -nan |  -nan | 100.0 |  65.7
       Dungeon | 100.0 | 100.0 |  -nan |  -nan | 100.0 |  65.7
               +-------+-------+-------+-------+-------+----------------------

Vanquished Creatures
  An orc wizard (D:3)
  Robin (D:2)
  2 adders
  An ooze (D:1)
  A worm (D:2)
  A giant gecko (D:2)
  5 orcs (D:3)
  2 ball pythons (D:1)
  2 bats
  11 hobgoblins
  5 jackals
  9 kobolds
  A giant cockroach (D:1)
  4 giant newts
  14 goblins
  2 quokkas
  7 rats
69 creatures vanquished.

Notes
Turn   | Place    | Note
--------------------------------------------------------------
     0 | D:1      | gw the Deep Dwarf Fighter began the quest for the Orb.
     0 | D:1      | Reached XP level 1. HP: 20/20 MP: 1/1
   203 | D:1      | Reached XP level 2. HP: 27/27 MP: 2/2
   924 | D:2      | Reached XP level 3. HP: 33/33 MP: 3/3
  1280 | D:2      | Noticed Robin
  1311 | D:2      | Killed Robin
  1311 | D:2      | Reached XP level 4. HP: 30/42 MP: 4/4
  1869 | D:2      | Found an ancient bone altar of Kikubaaqudgha.
  1869 | D:2      | Found a basalt altar of Yredelemnul.
  1984 | D:3      | Reached skill level 1 in Throwing
  1984 | D:3      | Reached skill level 4 in Armour
  2047 | D:3      | Noticed an orc warrior
  2076 | D:3      | Reached XP level 5. HP: 38/49 MP: 5/5
  2097 | D:3      | Slain by an orc warrior

Action                   |  1- 3 |  4- 6 || total
-------------------------+-------+-------++-------
Melee: Flail             |   137 |    73 ||   210
Throw: Stone             |    54 |    24 ||    78
Evoke: Wand              |     1 |     4 ||     5
  Use: Potion            |       |     1 ||     1
  Eat: Chunk             |     1 |     3 ||     4

Vault maps used:
D:1:      dpeg_arrival_three_bigger_balls
D:2:      gammafunk_temple_overflow_pools, uniq_robin
